 Dungeon Crawl Stone Soup version 0.19-a0-36-g4a0968a (webtiles) character file.

19 M4edhros the Grave Robber (level 2, -1/17 HPs)
             Began as an Octopode Necromancer on May 3, 2016.
             Shot with a stone by a goblin (5 damage)
             ... on level 2 of the Dungeon.
             The game lasted 00:02:18 (467 turns).

M4edhros the Grave Robber (Octopode Necromancer)     Turns: 467, Time: 00:02:19

Health: -1/17      AC:  1    Str:  7    XL:     2   Next: 75%
Magic:  2/5        EV: 12    Int: 22    God:
Gold:   93         SH:  0    Dex: 12    Spells: 2 memorised, 3 levels left

rFire  . . .     SeeInvis .       - Unarmed
rCold  . . .     Gourm    .     (no shield)
rNeg   . . .     Faith    .     (helmet restricted)
rPois  .         Spirit   .     (no amulet)
rElec  .         Dismiss  .     g - ring of wizardry
rCorr  .         Reflect  .     (no ring)
SustAt .         Harm     .     (no ring)
MR     .....                    (no ring)
Stlth  +++.......               (no ring)
                                (no ring)
                                (no ring)
                                (no ring)

@: brilliant, not resistant to hostile enchantments, fairly stealthy
A: almost no armour, amphibious, 8 rings, constrict 8, camouflage 1, gelatinous
body 1
a: no special abilities


You were on level 2 of the Dungeon.
You were not hungry.

You visited 1 branch of the dungeon, and saw 2 of its levels.

You collected 93 gold pieces.

Inventory:

Jewellery
 g - a ring of wizardry (left tentacle)
Scrolls
 c - a scroll of noise {unknown}
 f - 2 scrolls of remove curse {unknown}
 h - a scroll of teleportation {unknown}
 i - a scroll of random uselessness {unknown}
Potions
 e - a potion of brilliance
 j - a potion of lignification {unknown}
Books
 a - a book of Necromancy

   Spells                             Type                      Level
   a - Pain                           Necromancy                   1
   b - Animate Skeleton               Necromancy                   1
   c - Vampiric Draining              Necromancy                   3
   d - Regeneration                   Charms/Necromancy            3
   e - Animate Dead                   Necromancy                   4
   f - Control Undead                 Necromancy                   4
Comestibles
 b - a bread ration
 d - a beef jerky


   Skills:
 - Level 2.0 Dodging
 - Level 2.6 Stealth
 + Level 2.2 Unarmed Combat
 - Level 2.0 Spellcasting
 - Level 4.0 Necromancy


You had 3 spell levels left.
You knew the following spells:

 Your Spells              Type           Power        Failure   Level  Hunger
a - Pain                  Necr           ####         1%          1    #......
b - Animate Skeleton      Necr           N/A          1%          1    #......


Dungeon Overview and Level Annotations

Branches:
Dungeon (2/15)

Altars:


Innate Abilities, Weirdness & Mutations

You cannot wear most types of armour.
You are amphibious.
You can wear up to eight rings at the same time.
You can use your tentacles to constrict eight enemies at once.
Your skin changes colour to match your surroundings (Stealth).
Your rubbery body absorbs attacks (AC +1).


Message History

Your rat skeleton bites the worm but does no damage.
You closely miss the hobgoblin. Your grab misses the hobgoblin.
Your rat skeleton bites the worm.
The hobgoblin hits you with a club.
* * * LOW HITPOINT WARNING * * *
Your rat skeleton bites the worm.
Your rat skeleton barely misses the worm.
Your rat skeleton bites the worm. x2
Your rat skeleton closely misses the worm.
Your rat skeleton bites the worm.
A goblin comes into view. It is wielding a club.
The goblin unwields an uncursed club.
The goblin wields a runed hunting sling.
It bursts into flame!
The goblin shoots a stone.
The stone hits you but does no damage.
You see here a stone.
Drink which item? (? for menu, Esc to quit)
It was a potion of brilliance.
You feel clever all of a sudden.
The goblin shoots a stone.
The stone hits you.
You die...

#....# #.....#
.....#####..)..#
#.....#.........#
....#.g.........#
............Z...#
...###.#####.###
#.# #Z# #.# #w#
#@# #.# #(# #.#
#g# #.# #. #.#
#.#
#...###.#####.#
#.............#
#..####.#######
#.# #.#


You could see a hobgoblin and a goblin.

Vanquished Creatures
  2 dart slugs (D:1)
  A bat (D:1)
  A goblin (D:1)
  A hobgoblin (D:1)
  A giant newt (D:1)
  6 kobolds
  5 rats
17 creatures vanquished.

Notes
Turn   | Place    | Note
--------------------------------------------------------------
     0 | D:1      | M4edhros the Octopode Necromancer began the quest for the Orb.
     0 | D:1      | Reached XP level 1. HP: 11/11 MP: 3/3
    19 | D:1      | Reached skill level 1 in Unarmed Combat
    48 | D:1      | Reached XP level 2. HP: 5/17 MP: 0/5
   118 | D:1      | Learned a level 1 spell: Animate Skeleton
   467 | D:2      | Shot with a stone by a goblin

Vault maps used:
D:1:      elethiomel_arrival_infinity_welcomes_careful_drivers

Skill      XL: |  1  2 |
---------------+-------+-----
Unarmed Combat | 1 2 |  2.2
Dodging        | |  2.0
Stealth        | |  2.6
Spellcasting   | |  2.0
Necromancy     | |  4.0

Action                   || total
-------------------------++-------
Melee: Unarmed           ||    25
       Constrict         ||     7
       Tentacles         ||     4
 Cast: Pain              ||    16
       Animate Skeleton  ||     3
  Use: Potion            ||     1
 Stab: Sleeping          ||     2
Armor: Skin              ||     5
Dodge: Dodged            ||    11
